 Dungeon Crawl Stone Soup version bcrawl-1.12-8-g964540c432 (webtiles) character file.

Game seed: 2839066649585281852

7315 Gumption the Covert (level 10, -1/72 HPs)
             Began as a Dusk Walker Archaeologist on June 2, 2019.
             Was a Believer of Lugonu.
             Slain by a freezing wraith (8 damage)
             ... on level 9 of the Dungeon.
             The game lasted 01:13:52 (9399 turns).

Gumption the Covert (Dusk Walker Archaeologist)     Turns: 9399, Time: 01:13:52

Health: -1/72      AC: 18    Str: 15    XL:     10   Next: 90%
Magic:  10/10      EV:  6    Int: 17    God:    Lugonu [**....]
Gold:   589        SH: 14    Dex: 12    Spells: 9/9 levels left

rFire    . . .     SeeInvis .   a - +2 dagger (elec)
rCold    . . .     Gourm    .   I - +0 large shield
rNeg     . . .     Faith    .   D - +1 chain mail {MR+}
rPois    .         Spirit   .   l - +1 hat
rElec    .         Reflect  .   E - +0 cloak
rCorr    .         Harm     .   d - +1 pair of gloves
MR       ++...                  c - +1 pair of boots
Stlth    ++++......             (no amulet)
HPRegen  0.22/turn              A - +3 ring of intelligence
MPRegen  0.12/turn              (no ring)

@: slowed, studying Unarmed Combat, very slow
A: draining touch, unencumbered stealth, fangs 3, nightstalker 1
a: Depart the Abyss, Bend Space, Renounce Religion


You were on level 9 of the Dungeon.
You worshipped Lugonu.
Lugonu was pleased with you.
You were not hungry.

You visited 2 branches of the dungeon, and saw 10 of its levels.
You also visited: Sewer.

You collected 589 gold pieces.

Inventory:

Hand Weapons
 a - a +2 dagger of electrocution (weapon)
 b - a +0 hunting sling
 h - a +0 quarterstaff
Missiles
 k - 235 tomahawks (quivered)
 o - 2675 stones
 v - 246 sling bullets
 B - 81 javelins
Armour
 c - a +1 pair of boots (worn)
 d - a +1 pair of gloves (worn)
 l - a +1 hat (worn)
 D - a +1 chain mail of magic resistance (worn)
 E - a +0 cloak (worn)
 G - a +0 plate armour
 I - a +0 large shield (worn)
Magical Staves
 y - an uncursed staff of wizardry
Jewellery
 A - a +3 ring of intelligence (left hand)
 M - an uncursed ring of poison resistance {unknown}
Wands
 m - a wand of disintegration (17)
 J - a wand of paralysis (7)
 N - a wand of digging (12)
Scrolls
 i - 3 scrolls of fog
 j - 3 scrolls of remove curse
 s - 4 scrolls of fear
 t - 2 scrolls of magic mapping
 C - 2 scrolls of identify
 H - 2 scrolls of teleportation
 K - a scroll of blinking
Potions
 n - 2 potions of mutation
 p - a potion of magic
 q - 2 potions of flight
 r - a potion of brilliance
 u - a potion of ambrosia
 w - 4 potions of haste
 x - 2 potions of lignification {unknown}
 z - a potion of might {unknown}
 F - 2 potions of heal wounds
Books
 g - a manual of Unarmed Combat
Miscellaneous
 f - an ancient crate
Comestibles
 e - 3 rations {!d}
 L - 2 chunks of flesh


   Skills:
 + Level 7.7 Fighting
 + Level 5.2 Short Blades
 + Level 7.2 Armour
 + Level 8.3 Dodging
 + Level 12.5 Stealth
 * Level 6.3 Shields
 + Level 0.1 Invocations


You had 9 spell levels left.
You didn't know any spells.
Your spell library contained the following spells:

 Spells                   Type           Power        Failure   Level  Hunger
 Animate Skeleton         Necr           N/A          100%        1    ##.....
 Pain                     Necr           #...         100%        1    ##.....
 Sting                    Conj/Pois      #...         100%        1    ##.....
 Poisonous Vapours        Pois/Air       #.....       100%        2    ###....
 Ignite Poison            Fire/Tmut/Pois #.......     100%        3    ####...
 Regeneration             Chrm/Necr      #.........   100%        3    ####...
 Vampiric Draining        Necr           #.........   100%        3    ####...
 Animate Dead             Necr           N/A          100%        4    #####..
 Olgreb's Toxic Radiance  Pois           #.......     100%        4    #####..
 Summon Scorpions         Summ/Pois      #.......     100%        4    #####..
 Bolt of Draining         Conj/Necr      #.........   100%        5    ######.
 Venom Bolt               Conj/Pois      #.........   100%        5    ######.


Dungeon Overview and Level Annotations

Branches:
Dungeon (9/12)             Temple (1/1) D:4            Lair (0/6) D:7
    Orc: D:8-11

Altars:
Ashenzari
Cheibriados
Dithmenos
Elyvilon
Fedhas
Gozag
Hepliaklqana
Kikubaaqudgha
Lugonu
Makhleb
Nemelex Xobeh
Okawaru
Qazlal
Ru
Sif Muna
Trog
Uskayaw
Vehumet
Wu Jian
Xom
Yredelemnul
Zin
The Shining One

Shops:
D:5 ?


Innate Abilities, Weirdness & Mutations

Your attacks drain your enemies.
You move stealthily even while encumbered by armour.
You have razor-sharp teeth.
You are slightly more attuned to the shadows.


Message History

You block the freezing wraith's attack. x2
Your shield and chain mail prevent you from hitting the freezing wraith.
The freezing wraith is severely damaged.
The freezing wraith barely misses you.
The freezing wraith completely misses you.
The freezing wraith hits you! The freezing wraith freezes you!!
* * * LOW HITPOINT WARNING * * *
You block the freezing wraith's attack.
You barely miss the freezing wraith.
The freezing wraith is severely damaged.
The freezing wraith completely misses you.
You block the freezing wraith's attack.
You hit the freezing wraith but do no damage.
You bite the freezing wraith.
The freezing wraith is almost destroyed.
You block the freezing wraith's attack. x2
You hit the freezing wraith but do no damage.
The freezing wraith is severely damaged.
The freezing wraith hits you!
You die...

.......# #.....#
#.....# #.....#
#..).)# #..).)# .#
#.....######
....####...........
......@W...........
.....#####.........
.... #......... .!.
#..)...... ##
#.........
#....##### ....#


You could see a freezing wraith.

Vanquished Creatures
  A cyclops (D:8)
  Pikel (D:4)
  Maurice (D:8)
  A yaktaur (D:8)
  3 trolls
  A vampire (D:9)
  A yak (D:8)
  5 hungry ghosts
  An acid dragon (D:8)
  A water moccasin (D:8)
  2 orc warriors (D:7)
  A slave (D:4)
  2 ice beasts (D:8)
  5 ogres
  3 wolves
  3 centaurs
  A crocodile (D:6)
  4 big kobolds
  A bullfrog (D:6)
  17 killer bees
  2 scorpions
  A water moccasin skeleton (D:7)
  An electric eel (D:7)
  6 crimson imps
  7 hounds
  2 bullfrog skeletons
  2 jellies (D:7)
  2 orc priests (D:7)
  3 iguanas
  5 orc wizards
  A centaur skeleton (D:4)
  6 worker ants
  A killer bee zombie (D:5)
  A hound skeleton (D:3)
  A hound zombie (D:5)
  10 gnolls
  12 adders
  2 river rats (Sewer)
  2 shadow imps (D:7)
  6 oozes
  3 adder skeletons
  6 worms
  4 dart slugs
  5 leopard geckos
  18 orcs
  6 ball pythons
  5 bats
  3 giant cockroaches
  3 goblins
  6 hobgoblins
  21 jackals
  A quokka (D:2)
  6 frilled lizards
  16 kobolds
  A quokka skeleton (D:4)
  12 rats
244 creatures vanquished.

Notes
Turn   | Place    | Note
-------+----------+-------------------------------------------
     0 | D:1      | Gumption the Dusk Walker Archaeologist began the quest for
                  | the Orb.
     0 | D:1      | Reached XP level 1. HP: 13/13 MP: 1/1
    16 | D:1      | Reached skill level 5 in Stealth
   329 | D:1      | Reached XP level 2. HP: 18/18 MP: 2/2
   640 | D:1      | Reached XP level 3. HP: 20/24 MP: 3/3
  1249 | D:2      | Reached skill level 6 in Stealth
  1257 | D:2      | Gained mutation: You are slightly more attuned to the
                  | shadows. [Dusk Walker growth]
  1257 | D:2      | Reached XP level 4. HP: 29/29 MP: 4/4
  1289 | D:2      | Found a sparkling altar of Nemelex Xobeh.
  1538 | D:3      | Found a white marble altar of Elyvilon.
  2017 | D:3      | Reached XP level 5. HP: 32/36 MP: 5/5
  2257 | D:3      | Reached skill level 7 in Stealth
  2262 | D:3      | Reached XP level 6. HP: 26/42 MP: 6/6
  2409 | D:4      | Found a staircase to the Ecumenical Temple.
  2493 | D:4      | Reached skill level 5 in Dodging
  2493 | D:4      | Reached skill level 8 in Stealth
  2494 | D:4      | Noticed a slave
  2495 | D:4      | Noticed a slave
  2497 | D:4      | Noticed Pikel
  2541 | D:4      | Killed a slave
  2596 | D:4      | Reached XP level 7. HP: 48/48 MP: 7/7
  2699 | D:4      | Found a glowing drain.
  2710 | Sewer    | Entered a sewer
  3185 | Sewer    | Reached skill level 9 in Stealth
  3271 | Sewer    | Reached skill level 5 in Fighting
  3425 | D:4      | Killed Pikel
  3425 | D:4      | Reached skill level 10 in Stealth
  3425 | D:4      | Gained mutation: You have razor-sharp teeth. [Dusk Walker
                  | growth]
  3425 | D:4      | Reached XP level 8. HP: 34/56 MP: 8/8
  3643 | D:5      | Entered Level 5 of the Dungeon
  3822 | D:5      | Found Imolegi's Magic Scroll Emporium.
  4110 | D:5      | Found a deep blue altar of Sif Muna.
  4458 | D:6      | Reached skill level 5 in Armour
  4468 | D:6      | Reached XP level 9. HP: 62/62 MP: 9/9
  4819 | D:6      | Reached skill level 1 in Shields
  5061 | Temple   | Entered the Ecumenical Temple
  5246 | Temple   | Became a worshipper of Lugonu the Unformed
  5246 | Temple   | Reached * piety under Lugonu
  5355 | D:6      | Reached skill level 1 in Short Blades
  5647 | D:7      | Noticed a troll
  6031 | D:6      | Killed a troll
  6031 | D:6      | Reached skill level 11 in Stealth
  6948 | D:7      | Found a glowing silver altar of Zin.
  7000 | D:7      | Found a glowing golden altar of the Shining One.
  7269 | D:7      | Found a staircase to the Lair.
  7794 | D:8      | Reached XP level 10. HP: 69/69 MP: 10/10
  8128 | D:8      | Reached ** piety under Lugonu
  8474 | D:8      | Reached skill level 5 in Shields
  8545 | D:8      | Reached skill level 12 in Stealth
  8735 | D:8      | Noticed a cyclops
  9048 | D:8      | Noticed Maurice
  9057 | D:8      | Killed a cyclops
  9057 | D:8      | Reached skill level 5 in Short Blades
  9106 | D:8      | Killed Maurice
  9336 | D:9      | Noticed an eight-headed hydra
  9399 | D:9      | Slain by a freezing wraith

Skill      XL: |  1  2  3  4  5  6  7  8  9 10 |
---------------+-------------------------------+-----
Stealth        | 5 6 7 8 10 11 12 | 12.5
Fighting       | 2 3 4 5 6 7 |  7.7
Dodging        | 4 5 6 7 8 |  8.3
Armour         | 3 5 6 7 |  7.2
Shields        | 4 6 |  6.3
Short Blades   | 3 5 |  5.2
Invocations    | |  0.1

Action                   |  1- 3 |  4- 6 |  7- 9 | 10-12 || total
-------------------------+-------+-------+-------+-------++-------
Melee: Unarmed           |    15 |       |       |       ||    15
       Dagger            |    97 |   133 |   393 |   293 ||   916
       Bite              |     5 |     8 |    31 |    29 ||    73
 Fire: Hunting sling     |    38 |    32 |   134 |     3 ||   207
Throw: Tomahawk          |    19 |       |     4 |       ||    23
       Javelin           |       |       |     4 |       ||     4
  Use: Scroll            |       |     9 |     9 |       ||    18
       Potion            |       |       |     1 |     3 ||     4
 Stab: Sleeping          |     2 |     4 |    11 |     4 ||    21
       Distracted        |       |       |     1 |     2 ||     3
  Eat: Chunk             |     1 |     4 |    10 |     4 ||    19
       Ration            |       |       |     4 |     3 ||     7
Armor: Robe              |    29 |       |       |       ||    29
       Chain mail        |       |   126 |   233 |   130 ||   489
Dodge: Dodged            |    78 |    46 |    93 |    46 ||   263
Block: Large shield      |       |       |   161 |   185 ||   346
